 Dungeon Crawl Stone Soup version 0.29.0-3-gbb0933ed62 (webtiles) character file.

Game seed: 1820788838946902211

7919 apoch the Cleaver (level 11, -4/99 HPs)
             Began as a Hill Orc Fighter on Aug 25, 2022.
             Was a High Priest of Elyvilon.
             Slain by a sixfirhy (9 damage)
             ... on level 9 of the Dungeon.
             The game lasted 00:25:18 (9765 turns).

apoch the Cleaver (Hill Orc Fighter)                Turns: 9765, Time: 00:25:19

Health: -4/99      AC: 17    Str: 24    XL:     11   Next: 22%
Magic:  16/18      EV: 12    Int:  8    God:    Elyvilon [*****.]
Gold:   549        SH:  4    Dex: 10    Spells: 10/10 levels left

rFire   . . .      SeeInvis .   b - +0 broad axe (elec)
rCold   . . .      Faith    .   c - +0 buckler
rNeg    . . .      Spirit   .   h - +1 chain mail
rPois   .          Reflect  .   (no helmet)
rElec   .          Harm     .   I - scarf {shadows}
rCorr   .          Rampage  .   n - +2 pair of gloves
Will    .....                   r - +0 pair of boots
Stlth   ..........              F - amulet of regeneration
HPRegen 1.06/turn               u - +4 ring of evasion
MPRegen 0.16/turn               (no ring)

@: no status effects
A: no striking features
a: Renounce Religion, Purification, Heal Other, Heal Self, Divine Vigour


You were on level 9 of the Dungeon.
You worshipped Elyvilon.
Elyvilon was extremely pleased with you.
You visited 2 branches of the dungeon, and saw 10 of its levels.
You also visited: Bailey.

You collected 752 gold pieces.
You spent 203 gold pieces at shops.

Inventory:

Hand Weapons
 a - a +1 war axe of flaming
 b - a +0 broad axe of electrocution (weapon)
 d - a +6 battleaxe
Missiles
 s - 5 javelins
 y - 29 poisoned darts (quivered)
 E - a throwing net
 K - 9 boomerangs
 R - a curare-tipped dart
Armour
 c - a +0 buckler (worn)
 h - a +1 chain mail (worn)
 n - a +2 pair of gloves (worn)
 r - a +0 pair of boots (worn)
 I - a scarf of shadows (worn)
Jewellery
 i - a +6 ring of intelligence
 u - a +4 ring of evasion (left hand)
 x - an amulet of the acrobat
 C - an amulet of magic regeneration
 F - an amulet of regeneration (around neck)
Wands
 e - a wand of light (6)
 D - a wand of flame (18)
 G - a wand of paralysis (25)
 M - a wand of mindburst (13)
Scrolls
 g - a scroll of immolation
 l - 2 scrolls of brand weapon
 m - a scroll of enchant weapon
 o - 3 scrolls of amnesia
 p - 3 scrolls of magic mapping
 t - 2 scrolls of fog
 H - 3 scrolls of enchant armour
 J - a scroll of silence {unknown}
 O - 2 scrolls of summoning {unknown}
 S - a scroll of blinking {unknown}
Potions
 f - 2 potions of heal wounds
 j - a potion of lignification
 k - a potion of ambrosia {unknown}
 q - 4 potions of magic
 v - a potion of attraction {unknown}
 w - 2 potions of berserk rage
 z - 2 potions of resistance
 A - 2 potions of brilliance {unknown}
 B - 2 potions of curing
 L - a potion of cancellation
 N - 2 potions of mutation {unknown}
 P - a potion of invisibility {unknown}
 Q - 2 potions of experience


   Skills:
 - Level 10.0 Fighting
 + Level 13.2 Axes
 - Level 10.0 Armour
 - Level 3.2 Shields
 - Level 10.0 Invocations


You had 10 spell levels left.
You didn't know any spells.
Your spell library contained the following spells:

 Spells                   Type           Power      Damage    Failure   Level
 Sandblast                Erth           0%         2d4       97%         1
 Shock                    Conj/Air       0%         1d3       97%         1
 Passwall                 Tmut/Erth      0%         N/A       99%         2
 Stone Arrow              Conj/Erth      0%         3d7       100%        3
 Swiftness                Air            0%         N/A       100%        3
 Tukima's Dance           Hex            0%         N/A       100%        3
 Airstrike                Air            0%         2d(0-16)  100%        4
 Passage of Golubria      Tloc           0%         N/A       100%        4
 Iskenderun's Battlesphe  Conj           0%         2d6       100%        5
 Yara's Violent Unravell  Hex/Tmut       0%         3d3       100%        5
 Iron Shot                Conj/Erth      0%         9d1       100%        6
 Spellforged Servitor     Conj/Summ      0%         N/A       100%        7


Dungeon Overview and Level Annotations

Branches:
Dungeon (9/15)             Temple (1/1) D:6          Bailey (visited)
   Lair: D:8-11         Orc: D:9-12

Altars:
Ashenzari
Dithmenos
Elyvilon
Fedhas
Qazlal
Sif Muna
Trog
Vehumet
Wu Jian
Xom
Yredelemnul
Zin
The Shining One

Shops:
D:3 =   D:4 *   D:7 (

Annotations:
D:7 2 transporters, voltaire321's ghost, novice DgEE


Message History

The gnoll closely misses you. The gnoll misses you.
You hear a chilling moan.
You hear a shout!
You miss the sixfirhy.
The sixfirhy is lightly wounded.
You slash the gnoll! x2
You kill the gnoll!
You hit the gnoll but do no damage. Lightning courses through the gnoll!
You kill the gnoll!
Unknown command.
You completely miss the sixfirhy.
The sixfirhy is lightly wounded.
You slash the gnoll!
You kill the gnoll!
You completely miss the quasit. The quasit closely misses you.
You block the quasit's attack. The quasit completely misses you.
Unknown command.
You closely miss the sixfirhy. You slash the gnoll! You barely miss the quasit.
The sixfirhy hits you. The sixfirhy shocks you! The sixfirhy hits you!
The sixfirhy shocks you! You block the quasit's attack.
The quasit completely misses you.
The quasit claws you but does no damage.
You block the gnoll's attack. The sixfirhy hits you. The sixfirhy shocks you!
* * * LOW HITPOINT WARNING * * *
The quasit barely misses you.
The quasit claws you but does no damage.
The quasit barely misses you.
Unknown command.
You are healed.
The sixfirhy hits you. The sixfirhy shocks you!
* * * LOW HITPOINT WARNING * * *
The sixfirhy misses you. The sixfirhy hits you!
* * * LOW HITPOINT WARNING * * *
The sixfirhy shocks you!
* * * LOW HITPOINT WARNING * * *
A howler monkey comes into view.
The gnoll hits you but does no damage.
The howler monkey hoots and howls with incredible vigour!
The sixfirhy hits you.
* * * LOW HITPOINT WARNING * * *
The sixfirhy shocks you!
You die...

......♣P⌠..........##
.....P...............
....♣.♣...........#
.......♣.(.......## ##
#...............#. ...
##........###.....
...###...###))##..#...
#..#.)...## #.)..).#...
.....g@#### #).#.))....
.....53#...##.<##......
....h.h........##.#....
..............###.#....
..................#####
...≈≈.........#.###
.h.≈≈.....#.......###..
..###...........
.........<.#...


You could see a sixfirhy, 3 howler monkeys, a quasit and a gnoll.

Vanquished Creatures
  An orc warlord (Bailey)
  2 orc knights (Bailey)
  Maurice (D:8)
  A kobold demonologist (D:9)
  A hornet (D:8)
  Prince Ribbit (D:5)
  A wyvern (D:7)
  3 water moccasins
  An ice beast (D:8)
  A sky beast (D:7)
  2 black bears (D:6)
  9 orc warriors
  2 ogres
  2 centaurs
  4 kobold brigands
  6 bullfrogs
  2 necrophages
  A gnoll sergeant (D:9)
  3 scorpions (D:5)
  3 wights (D:6)
  9 killer bees
  An electric eel (D:7)
  A howler monkey (D:6)
  2 quasits (D:9)
  2 hounds
  A gnoll bouda (D:7)
  2 jellies
  5 orc priests
  3 iguanas
  11 orc wizards
  Ijyb (D:4)
  2 scorpion zombies (D:5)
  4 adders
  23 gnolls
  A shadow imp (D:7)
  2 ufetubi
  2 worms (D:2)
  3 dart slugs
  42 orcs
  9 ball pythons
  5 bats
  4 endoplasms
  A giant cockroach (D:4)
  11 hobgoblins
  5 jackals
  2 quokkas (D:4)
  3 frilled lizards
  21 goblins
  26 kobolds
  5 rats
256 creatures vanquished.

Vanquished Creatures (others)
  A wizard (D:7)
  A bush (D:9)
  4 demonic plants (D:9)
  3 fungi (D:9)
  18 plants
27 creatures vanquished.

Grand Total: 283 creatures vanquished

Notes
Turn   | Place    | Note
-------+----------+-------------------------------------------
     0 | D:1      | apoch the Hill Orc Fighter began the quest for the Orb.
     0 | D:1      | Reached XP level 1. HP: 19/19 MP: 1/1
    22 | D:1      | Reached skill level 3 in Axes
   120 | D:1      | Found a faded altar of an unknown god.
   137 | D:1      | Reached XP level 2. HP: 27/27 MP: 2/2
   145 | D:1      | Prayed at the altar of an unknown god.
   145 | D:1      | Became a worshipper of Elyvilon the Healer
   145 | D:1      | Reached * piety under Elyvilon
   599 | D:1      | Reached XP level 3. HP: 33/33 MP: 3/3
   812 | D:2      | Reached skill level 4 in Axes
  1008 | D:2      | Reached ** piety under Elyvilon
  1549 | D:2      | Reached XP level 4. HP: 40/40 MP: 4/4
  1689 | D:3      | Found Acvycekh's Jewellery Shop.
  1996 | D:3      | Reached *** piety under Elyvilon
  1997 | D:3      | Found a shimmering blue altar of Sif Muna.
  2294 | D:3      | Reached skill level 5 in Axes
  2647 | D:4      | Reached XP level 5. HP: 13/47 MP: 5/5
  2880 | D:4      | Found Eqariw's Assorted Antiques.
  3231 | D:4      | Reached **** piety under Elyvilon
  3335 | D:4      | Noticed Ijyb
  3352 | D:4      | Killed Ijyb
  3353 | D:4      | Reached skill level 6 in Axes
  3854 | D:4      | Reached XP level 6. HP: 55/55 MP: 6/6
  3939 | D:5      | Entered Level 5 of the Dungeon
  3986 | D:5      | Reached skill level 5 in Fighting
  4357 | D:5      | Reached skill level 7 in Axes
  4357 | D:5      | Reached skill level 5 in Armour
  4357 | D:5      | Reached XP level 7. HP: 47/61 MP: 7/7
  4575 | D:5      | Found a basalt altar of Yredelemnul.
  4847 | D:5      | Noticed Prince Ribbit
  4877 | D:5      | Killed Prince Ribbit
  4878 | D:5      | Reached skill level 8 in Axes
  5252 | D:5      | Reached XP level 8. HP: 54/70 MP: 8/8
  5344 | D:5      | Reached skill level 1 in Invocations
  5815 | D:6      | Reached skill level 9 in Axes
  5948 | D:6      | Found a staircase to the Ecumenical Temple.
  5981 | Temple   | Entered the Ecumenical Temple
  6632 | D:6      | Reached skill level 10 in Axes
  6784 | D:6      | Reached XP level 9. HP: 79/79 MP: 11/11
  7322 | D:7      | Noticed a wizard
  7323 | D:7      | Reached ***** piety under Elyvilon
  7355 | D:7      | Killed a wizard
  7499 | D:7      | Reached skill level 11 in Axes
  7512 | D:7      | Found a radiant altar of Vehumet.
  7637 | D:7      | Reached skill level 5 in Invocations
  7791 | D:7      | Found a transporter.
  7794 | D:7      | Noticed a cyclops
  7797 | D:7      | Found a transporter.
  7797 | D:7      | Noticed voltaire321's ghost (novice DgEE)
  7822 | D:7      | Found Yxtisukkad's Antique Weapon Boutique.
  7829 | D:7      | Bought a runed broad axe for 203 gold pieces
  8077 | D:7      | Found a blossoming altar of Fedhas.
  8211 | D:8      | Noticed Maurice
  8224 | D:8      | Paralysed by something for 5 turns
  8235 | D:8      | Reached skill level 12 in Axes
  8237 | D:8      | Killed Maurice
  8238 | D:8      | Reached XP level 10. HP: 73/90 MP: 14/14
  8248 | D:8      | Found a flagged portal.
  8258 | Bailey   | Entered a bailey
  8318 | Bailey   | Noticed an orc knight
  8335 | Bailey   | Killed an orc knight
  8376 | Bailey   | Noticed an orc knight
  8385 | Bailey   | Killed an orc knight
  8390 | Bailey   | HP: 1/91 [orc warrior/+0 broad axe (26)]
  8398 | Bailey   | Elyvilon protects you from harm!
  8511 | Bailey   | Noticed an orc warlord
  8534 | Bailey   | Killed an orc warlord
  8535 | Bailey   | Reached skill level 10 in Fighting
  8714 | D:8      | Found a bloodstained altar of Trog.
  8997 | D:8      | Reached XP level 11. HP: 97/99 MP: 17/17
  9204 | D:8      | Paralysed by a hornet for 3 turns
  9320 | D:8      | Reached skill level 10 in Armour
  9618 | D:9      | Reached skill level 10 in Invocations
  9622 | D:9      | Reached skill level 13 in Axes
  9756 | D:9      | Noticed a sixfirhy
  9765 | D:9      | Slain by a sixfirhy

Illustrated notes

Levels and vault maps discovered:
D:1:      tarquinn_simple_flora_water_f, layout_loops_ring,
          ebering_ecumenical_altar_ruins, minmay_misc_feat_columns
D:2:      layout_loops_ring
D:3:      layout_loops_corners, lemuel_tele_altar, serial_shops,
          nicolae_shop_trees
D:4:      kennysheep_goblin_castle, layout_layer_cave, serial_shops, shop,
          serial_forest, infiniplex_forest_pool, infiniplex_forest_clump_long,
          infiniplex_forest_lined_room_, infiniplex_forest_split,
          infiniplex_forest_lined_2, infiniplex_forest_side_room,
          infiniplex_forest_end_1
D:5:      layout_basic, lemuel_zombie_altar_yredelemnul,
          hangedman_decor_diamond_cutter, corexii_hall_statues_u, minivault_1,
          uniq_prince_ribbit1
D:6:      layout_cave_pods, minmay_temple_entry_ruins
D:7:      cheibrodos_wizards_tower, layout_basic, kennysheep_little_box,
          mainiacjoe_overflow_boulevard, gammafunk_ghost_arena, serial_shops,
          nicolae_shop_hallway_stairs, minivault_24, kennysheep_small_circle
D:8:      layout_loops_ring, amcnicky_altar_gilded, enter_bailey_2,
          grunt_ministairs_15, uniq_maurice
D:9:      layout_cave_pools, nicolae_gozag_zags_fifth_avenue,
          nemelex_diamond_rough_becter, minmay_lair_entry_grove, serial_shops,
          nicolae_shop_overgrown_old_shop, serial_demonic, serial_demonic_a,
          serial_demonic_g, serial_demonic_a, serial_demonic_b,
          serial_demonic_a, serial_demonic_e, serial_demonic_e,
          gammafunk_ghost_spectres
Temple:   dshaligram_water_room_temple

Skill      XL: |  1  2  3  4  5  6  7  8  9 10 11 |
---------------+----------------------------------+-----
Axes           | 3 4 5 6 7 8 10 12 13 | 13.2
Fighting       | 4 5 6 7 8 10 | 10.0
Armour         | 4 5 6 8 9 10 | 10.0
Invocations    | 3 6 9 10 | 10.0
Shields        | |  3.2

Action                   |  1- 3 |  4- 6 |  7- 9 | 10-12 || total
-------------------------+-------+-------+-------+-------++-------
Melee: War axe           |   100 |   104 |   244 |       ||   448
       Broad axe         |       |       |    20 |   269 ||   289
Throw: Dart              |       |       |    47 |    25 ||    72
       Javelin           |       |       |     5 |       ||     5
Invok: Heal Self         |       |       |     2 |     4 ||     6
       Heal Other        |       |       |     1 |       ||     1
       Purification      |       |       |     1 |     1 ||     2
  Use: Scroll            |       |       |    20 |     1 ||    21
       Potion            |       |       |       |     2 ||     2
Armor: Scale mail        |    13 |       |       |       ||    13
       Chain mail        |    46 |    59 |   150 |   159 ||   414
Dodge: Dodged            |    36 |    47 |   104 |   169 ||   356
Block: Buckler           |    30 |    24 |    54 |    67 ||   175
